 Dungeon Crawl Stone Soup version 0.30-a0-1103-g25895a7845 (webtiles) character file.

Game seed: 2451864838489567262

14667 freelancePsychic the Fighter (level 12, -1/81 HPs)
             Began as a Gargoyle Summoner on Apr 18, 2023.
             Was a Follower of Uskayaw.
             Killed by an exploding themself (7 damage)
             ... ignited by their inner flame
             ... on level 11 of the Dungeon.
             The game lasted 00:28:39 (14762 turns).

freelancePsychic the Fighter (Gargoyle Summoner)   Turns: 14762, Time: 00:28:40

Health: -1/81      AC: 18    Str: 12    XL:     12   Next: 18%
Magic:  20/22      EV: 11    Int: 21    God:    Uskayaw [*.....]
Gold:   904        SH:  0    Dex: 10    Spells: 6/24 levels left

rFire   + + .      SeeInvis +    p - +8 whip (drain)
rCold   . . .      Faith    .    (no shield)
rNeg    + . .      Spirit   .    l - +2 leather armour {rF+}
rPois   ∞          Reflect  .    y - +0 helmet
rElec   +          Rampage  .    k - +2 cloak of the Thief {*Fog Slay-2 SInv Stlth+}
rCorr   .                        r - +0 pair of gloves
Will    .....                    (no boots)
Stlth   +++                      O - amulet of magic regeneration
HPRegen 0.33/turn                d - ring of wizardry
MPRegen 0.58/turn                H - ring of protection from fire

@: no status effects
A: sickness immunity, AC +8, negative energy resistance 1, electricity
resistance, torment resistance 1, petrification resistance
a: Renounce Religion, Stomp


You were on level 11 of the Dungeon.
You worshipped Uskayaw.
Uskayaw was noncommittal.
You visited 2 branches of the dungeon, and saw 12 of its levels.
You also visited: Sewer and Gauntlet.

You collected 904 gold pieces.

Inventory:

Hand Weapons
 p - a +8 whip of draining (weapon)
 z - a +0 dagger of venom
 E - the +6 halberd of Fate {speed, rElec Str+3 Dex+2}
   (You found it on level 8 of the Dungeon)

   Str:       It affects your strength (+3).
   Dex:       It affects your dexterity (+2).
   rElec:     It insulates you from electricity.
Armour
 k - the +2 cloak of the Thief (worn) {*Fog Slay-2 SInv Stlth+}
   (You found it in a Gauntlet)

   *Fog:      It may release a thick cloud of smoke when the wearer is hurt.
   Slay:      It affects your accuracy & damage with ranged weapons and melee
   (-2).
   SInv:      It lets you see invisible.
   Stlth:     It makes you more stealthy.
 l - a +2 leather armour of fire resistance (worn)
 m - a +0 buckler
 r - a +0 pair of gloves (worn)
 y - a +0 helmet (worn)
Jewellery
 d - a ring of wizardry (left hand)
 s - a ring of flight
 B - a +6 ring of strength
 H - a ring of protection from fire (right hand)
 O - an amulet of magic regeneration (around neck)
Wands
 b - a wand of mindburst (4)
 q - a wand of flame (5)
 w - a wand of acid (2)
 D - a wand of polymorph (19)
 J - a wand of charming (2)
Scrolls
 a - a scroll of identify {@r1}
 c - 3 scrolls of brand weapon
 e - 3 scrolls of teleportation {@r4}
 f - 3 scrolls of vulnerability
 g - 3 scrolls of fog
 i - a scroll of enchant armour
 v - 4 scrolls of immolation
 F - a scroll of blinking
 G - 2 scrolls of summoning
 K - a scroll of amnesia
Potions
 h - 5 potions of attraction
 j - 3 potions of brilliance
 n - 2 potions of mutation {unknown}
 o - a potion of ambrosia {unknown}
 t - a potion of berserk rage {unknown}
 u - 2 potions of might
 x - 2 potions of magic
 A - a potion of degeneration {unknown}
 C - a potion of lignification
 I - a potion of invisibility {unknown}
 L - a potion of cancellation {unknown}
 N - 2 potions of resistance {unknown}
Miscellaneous
 M - a phantom mirror
 P - a tin of tremorstones (2/2)


   Skills:
 + Level 12.0 Fighting
 + Level 3.1 Maces & Flails
 - Level 1.7 Polearms
 - Level 1.5 Dodging
 - Level 3.0 Stealth
 + Level 6.6 Spellcasting
 - Level 11.1 Conjurations
 - Level 1.6 Hexes
 - Level 5.2 Summonings
 + Level 7.0 Fire Magic
 - Level 3.7 Invocations


You had 6 spell levels left.
You knew the following spells:

 Your Spells              Type           Power      Damage    Failure   Level
a - Iskenderun's Battles  Conj           52%        2d10      1%          5
b - Call Imp              Summ           58%        N/A       1%          2
c - Call Canine Familiar  Summ           29%        N/A       1%          3
d - Summon Guardian Gole  Hex/Summ       21%        N/A       3%          3
e - Fireball              Conj/Fire      22%        3d10      3%          5

Your spell library contained the following spells:

 Spells                   Type           Power      Damage    Failure   Level
 Summon Small Mammal      Summ           100%       N/A       1%          1
 Mephitic Cloud           Conj/Pois/Air  22%        N/A       3%          3
 Poisonous Vapours        Pois/Air       14%        N/A       7%          2
 Animate Armour           Summ/Erth      36%        N/A       16%         4
 Summon Lightning Spire   Summ/Air       18%        N/A       16%         4
 Cause Fear               Hex            7%         N/A       22%         4
 Freezing Cloud           Conj/Ice/Air   11%        6-21      26%         5
 Dispel Undead            Necr           7%         3d8       41%         4
 Conjure Ball Lightning   Conj/Air       15%        3x3d6     56%         6
 Death Channel            Necr           3%         N/A       99%         6
 Orb of Destruction       Conj           26%        9d9       38%         7
 Dragon Form              Tmut           3%         N/A       100%        7
 Dragon's Call            Summ           14%        N/A       100%        9
 Cigotuvi's Dreadful Rot  Necr/Pois/Air  Unusable   N/A       N/A         2

Dungeon Overview and Level Annotations

Branches:
Dungeon (11/15)            Temple (1/1) D:4            Lair (0/5) D:10
  Sewer (visited)         Gauntlet (visited)
    Orc: D:9-12

Altars:
Ashenzari
Cheibriados
Dithmenos
Elyvilon
Fedhas
Gozag
Hepliaklqana
Kikubaaqudgha
Makhleb
Nemelex Xobeh
Okawaru
Qazlal
Ru
Sif Muna
Trog
Uskayaw
Vehumet
Wu Jian
Xom
Yredelemnul
Zin
The Shining One


Innate Abilities, Weirdness & Mutations

You are immune to sickness and miasma.
Your stone body is resilient. (AC +8)
You are immune to poison.
You resist negative energy. (rN+)
You are resistant to electric shocks. (rElec)
You are resistant to unholy torment.
You are immune to petrification.


Message History

Your guardian golem is engulfed in blazing flames.
Your guardian golem disappears in a puff of smoke!
Your guardian golem explodes!
The fiery explosion engulfs you! You resist.
Your battlesphere is engulfed in blazing flames.
Your battlesphere is destroyed!
Casting: Summon Guardian Golem (mildly dangerous; 3% risk of failure)
Confirm with . or Enter, or press ? or * to list all spells.
A guardian golem appears, shielding your allies.
What are your orders? t - Shout!
Orders for allies: a - Attack new target. r - Retreat! s - Stop attacking. g - Guard the area. f - Follow me.
Anything else - Cancel.
Gang up on whom?
Press: ? - help, Dir - move target, f - cyclops
Aim: a cyclops, quivering large rocks (ally target) Attack!
Your guardian golem is engulfed in blazing flames.
The cyclops is engulfed in blazing flames.
The cyclops throws a large rock.
The large rock hits your guardian golem!!
Your guardian golem overheats!
The cyclops is engulfed in blazing flames.
The cyclops throws a large rock.
The large rock barely misses your guardian golem.
The large rock hits you!!
* * * LOW HITPOINT WARNING * * *
With a swish of your cloak, you release a cloud of fog.
The cyclops is engulfed in blazing flames.
The cyclops dies!
Your Maces & Flails skill increases to level 3!
Your guardian golem is engulfed in blazing flames.
Flame seeps out of your guardian golem.
Your guardian golem is engulfed in blazing flames.
Your guardian golem disappears in a puff of smoke!
Your guardian golem explodes!
The fiery explosion engulfs you! You resist.
You die...

~...+....#
....##.###
....##†#
###.##.#########
#.............
.#####.#....######
.........##.# #§#
#####....#.# #§#
#..#.#.####@#
#......#..§§#
#..#.#.##.#.#
######..#.#.##.#☼#
........#.#....#.#
######.####.####.#
#.....##.##...#
#.....##..#.###
#.....###...#


There were no monsters in sight!

Vanquished Creatures
  A minotaur (Gauntlet)
  Erica (D:9)
  A death knight (D:9)
  A gargoyle (D:11)
  A troll (D:11)
  2 raiju (Gauntlet)
  3 slime creatures (D:11)
  2 shadows
  2 vampires
  3 flying skulls (Gauntlet)
  15 yaks
  A steam dragon (D:9)
  2 acid dragons
  An ice beast (D:7)
  2 orc warriors
  Pargi (Sewer)
  A centaur (D:9)
  A gnoll sergeant (D:8)
  A scorpion (D:6)
  8 killer bees
  A howler monkey (D:10)
  An electric eel (D:11)
  A crimson imp (D:9)
  2 gnoll boudas (D:9)
  2 hounds (D:6)
  3 orc wizards
  A sleepcap (D:8)
  2 lightning spires (Gauntlet)
  3 gnolls (D:8)
  3 ufetubi (Gauntlet)
  2 worms
  9 orcs
  2 endoplasms (D:4)
  A hobgoblin (D:1)
  A quokka (D:3)
  A ball python (D:4)
  2 bats
  4 kobolds
  A rat (D:4)
92 creatures vanquished.

Vanquished Creatures (collateral kills)
  A yak (D:8)
  2 water moccasins
  An ice beast (D:6)
  3 sky beasts
  2 ogres
  2 kobold brigands (D:7)
  2 scorpions
  A killer bee (D:10)
  6 hounds
  A jelly (D:5)
  2 orc priests (D:5)
  2 sleepcaps
  Natasha (thrice) (D:4)
  Ijyb (D:3)
  An iguana (D:4)
  An orc wizard (D:8)
  3 gnolls (D:5)
  10 adders
  2 white imps
  An ufetubus (D:4)
  4 worms
  3 dart slugs
  8 orcs
  3 endoplasms
  4 giant cockroaches
  5 goblins
  6 hobgoblins
  13 kobolds
  3 quokkas
  8 ball pythons
  4 bats
  3 frilled lizards
  4 rats
115 creatures vanquished.

Vanquished Creatures (others)
  2 two-headed ogres
  A sixfirhy (Gauntlet)
  Pikel (D:9)
  An ugly thing (D:11)
  A cyclops (D:11)
  2 yaks
  2 steam dragons (D:7)
  2 orc warriors
  2 black bears (D:7)
  An ogre (D:5)
  A lemure (D:9)
  A phantom (D:7)
  A scorpion (D:5)
  8 wights
  6 killer bees
  An orc wizard (D:7)
  An ufetubus (Gauntlet)
  4 orcs
  2 bushes (D:7)
  A butterfly (D:7)
  12 fungi (D:6)
  3 plants (D:9)
  14 withered plants (Gauntlet)
70 creatures vanquished.

Grand Total: 277 creatures vanquished

Notes
Turn   | Place    | Note
-------+----------+-------------------------------------------
     0 | D:1      | freelancePsychic the Gargoyle Summoner began the quest for
                  | the Orb.
     0 | D:1      | Reached XP level 1. HP: 10/10 MP: 3/3
   253 | D:1      | Reached XP level 2. HP: 15/15 MP: 3/5
   258 | D:1      | Learned a level 2 spell: Call Imp
  1179 | D:2      | Reached XP level 3. HP: 19/19 MP: 1/6
  2078 | D:3      | Reached XP level 4. HP: 24/24 MP: 1/7
  2324 | D:3      | Reached skill level 1 in Fighting
  2716 | D:3      | Noticed Ijyb
  2779 | D:3      | Killed Ijyb
  2780 | D:3      | Reached XP level 5. HP: 28/29 MP: 4/9
  3141 | D:3      | Found a faded altar of an unknown god.
  3483 | D:4      | Learned a level 3 spell: Call Canine Familiar
  3706 | D:4      | Found a glowing drain.
  3710 | Sewer    | Entered a sewer
  3773 | Sewer    | Noticed Pargi
  3787 | Sewer    | Killed Pargi
  3788 | Sewer    | Reached skill level 2 in Fighting
  3788 | Sewer    | Reached skill level 1 in Hexes
  3788 | Sewer    | Reached skill level 5 in Summonings
  3788 | Sewer    | Reached XP level 6. HP: 36/36 MP: 8/10
  4089 | D:4      | Noticed Natasha
  4094 | D:4      | Killed Natasha
  4236 | D:4      | Noticed Natasha
  4243 | D:4      | Killed Natasha
  4314 | D:4      | Noticed Natasha
  4320 | D:4      | Killed Natasha
  4561 | D:4      | Found a staircase to the Ecumenical Temple.
  4578 | D:4      | Learned a level 3 spell: Summon Guardian Golem
  4580 | Temple   | Entered the Ecumenical Temple
  4691 | Temple   | Became a worshipper of Uskayaw the Reveller
  4741 | D:5      | Entered Level 5 of the Dungeon
  4926 | D:5      | Reached skill level 3 in Fighting
  4926 | D:5      | Reached skill level 1 in Invocations
  4926 | D:5      | Reached XP level 7. HP: 29/41 MP: 1/12
  5213 | D:5      | Reached * piety under Uskayaw
  5418 | D:5      | Reached skill level 4 in Fighting
  5817 | D:5      | Reached XP level 8. HP: 48/48 MP: 6/15
  6475 | D:5      | Reached skill level 5 in Fighting
  6475 | D:5      | Reached skill level 5 in Spellcasting
  6475 | D:5      | Reached skill level 1 in Conjurations
  6909 | D:6      | Found a glowing silver altar of Zin.
  7102 | D:6      | Reached skill level 6 in Fighting
  7287 | D:6      | Found a bloodstained altar of Trog.
  7332 | D:6      | Reached XP level 9. HP: 52/56 MP: 5/16
  7577 | D:6      | Found an opulent altar of Gozag.
  7997 | D:7      | Reached skill level 7 in Fighting
  7997 | D:7      | Reached skill level 5 in Conjurations
  8216 | D:7      | Found a white marble altar of Elyvilon.
  8627 | D:7      | Reached skill level 8 in Fighting
  9358 | D:8      | Reached skill level 9 in Fighting
  9492 | D:8      | Identified the +6 halberd of Fate {speed, rElec Str+3
                  | Dex+2}
  9513 | D:8      | Identified the +11 hand axe of Truncation {vamp, *Rage
                  | rCorr Str-4 Dex+7}
  9554 | D:8      | Reached skill level 1 in Polearms
  9554 | D:8      | Reached XP level 10. HP: 40/66 MP: 9/17
  9700 | D:8      | Learned a level 5 spell: Iskenderun's Battlesphere
  9720 | D:8      | Reached ** piety under Uskayaw
  9942 | D:8      | Reached *** piety under Uskayaw
  9943 | D:8      | Reached skill level 1 in Fire Magic
  9956 | D:8      | Reached **** piety under Uskayaw
  9963 | D:8      | Reached ***** piety under Uskayaw
 10551 | D:9      | Found a hazy altar of Hepliaklqana.
 10570 | D:9      | Found a snail-covered altar of Cheibriados.
 10595 | D:9      | Noticed Erica
 10623 | D:9      | Killed Erica
 10624 | D:9      | Reached skill level 10 in Fighting
 10751 | D:9      | Noticed a two-headed ogre
 10752 | D:9      | Found an iron altar of Okawaru.
 10783 | D:9      | Killed a two-headed ogre
 10841 | D:9      | Noticed a death knight
 11402 | D:9      | Reached skill level 10 in Conjurations
 11481 | D:9      | Killed a death knight
 11482 | D:9      | Reached XP level 11. HP: 51/73 MP: 14/18
 11745 | D:9      | Found a radiant altar of Vehumet.
 11747 | D:9      | Found a burning altar of Makhleb.
 11775 | D:9      | Noticed Pikel
 11871 | D:9      | Killed Pikel
 12025 | D:9      | Learned a level 5 spell: Fireball
 12048 | D:10     | Entered Level 10 of the Dungeon
 12253 | D:10     | Found a sacrificial altar of Ru.
 12326 | D:10     | Reached skill level 5 in Fire Magic
 12426 | D:10     | Found a staircase to the Lair.
 12631 | D:10     | Found a stormy altar of Qazlal.
 12692 | D:10     | Found a shimmering blue altar of Sif Muna.
 12692 | D:10     | Found a shimmering altar of Xom.
 12763 | D:10     | Reached skill level 11 in Fighting
 12847 | D:10     | Found a broken altar of Ashenzari.
 13151 | D:11     | Found a gate leading to a gauntlet.
 13168 | Gauntlet | Entered a Gauntlet
 13168 | Gauntlet | Noticed a death scarab
 13168 | Gauntlet | Found a transporter.
 13168 | Gauntlet | Found a transporter.
 13169 | Gauntlet | Found a transporter.
 13171 | Gauntlet | Found a transporter.
 13172 | Gauntlet | Found a transporter.
 13182 | Gauntlet | Found a transporter.
 13183 | Gauntlet | Noticed a sixfirhy
 13186 | Gauntlet | Found a transporter.
 13189 | Gauntlet | Noticed a death scarab
 13195 | Gauntlet | Noticed a death scarab
 13196 | Gauntlet | Found a transporter.
 13196 | Gauntlet | Found the +2 cloak of the Thief {*Fog Slay-2 SInv Stlth+}
 13289 | Gauntlet | Found a transporter.
 13299 | Gauntlet | Found a transporter.
 13303 | Gauntlet | Found a transporter.
 13313 | Gauntlet | Found a transporter.
 13313 | Gauntlet | Noticed a spectral death yak
 13612 | Gauntlet | Killed a sixfirhy
 13872 | Gauntlet | Noticed a minotaur
 13890 | Gauntlet | HP: 1/111 [minotaur (15)]
 13891 | Gauntlet | Killed a minotaur
 14174 | Gauntlet | Identified the +2 robe "Foatuweu" {*Slow Will+ Stlth+}
 14175 | Gauntlet | Got the Incunable of the Boggart
 14412 | D:11     | Reached skill level 1 in Maces & Flails
 14426 | D:11     | Reached ****** piety under Uskayaw
 14675 | D:11     | Noticed a white ugly thing
 14687 | D:11     | Killed a white ugly thing
 14688 | D:11     | Reached XP level 12. HP: 81/81 MP: 14/21
 14713 | D:11     | Noticed a two-headed ogre
 14732 | D:11     | Killed a two-headed ogre
 14733 | D:11     | Reached skill level 12 in Fighting
 14758 | D:11     | HP: 4/81 [cyclops/large rock (28)]
 14762 | D:11     | Killed by an exploding themself... ignited by their inner
                  | flame

Illustrated notes

Levels and vault maps discovered:
D:1:      giann_forest_graveyard, layout_basic
D:2:      layout_loops_ring
D:3:      minmay_angry_zag, layout_basic, shapermc_ecumenical_altar_mp_vishouse,
          uniq_ijyb
D:4:      layout_cave_pools, minmay_temple_entry_offerings,
          gup_sewer_entry_spiral, uniq_natasha
D:5:      layout_layer_cave, nicolae_concentric_dashed_squares_mild,
          minmay_circle_x
D:6:      layout_loops_ring, lemuel_doored_altar, mainiacjoe_overflow_catwalk,
          amcnicky_altar_gilded, serial_aquarium, aquarium_bridge_square
          [aquarium_subvault_window, aquarium_subvault_wall,
          aquarium_subvault_wall, aquarium_subvault_bridge],
          aquarium_window_corner, aquarium_window_1, aquarium_view_2c,
          aquarium_balcony_1b, aquarium_pool_2, dk_rats_in_the_wall
D:7:      layout_basic, nicolae_elyvilon_peaceful_grove, kennysheep_nondescript
D:8:      layout_loops_cross, kennysheep_windowed_goal
D:9:      layout_roguey, grunt_temple_overflow_lords_of_destruction,
          slow_altar_1, mainiacjoe_overflow_concentric_impassable,
          nicolae_overflow_hidden_temple, serial_bayou_pond_b,
          lightli_fourway_metalbox, uniq_erica, uniq_pikel
D:10:     layout_basic, nicolae_ashenzari_skybound,
          nicolae_qazlal_eye_of_the_storm, nicolae_overflow_two_pavilions,
          mainiacjoe_overflow_alcove_1
D:11:     layout_basic, erik_orc_1, gauntlet_entry_generic,
          nicolae_concentric_dashed_squares_wild
Temple:   nicolae_temple_superstar

Skill      XL: |  1  2  3  4  5  6  7  8  9 10 11 12 |
---------------+-------------------------------------+-----
Summonings     | 4 5 |  5.2
Stealth        | 3 |  3.0
Fighting       | 1 2 3 4 6 9 10 11 12 | 12.0
Spellcasting   | 3 4 5 6 |  6.6
Hexes          | 1 |  1.6
Invocations    | 1 3 |  3.7
Conjurations   | 4 7 10 11 | 11.1
Polearms       | 1 |  1.7
Fire Magic     | 4 6 7 |  7.0
Maces & Flails | 2 3 |  3.1
Dodging        | |  1.5

Action                     |  1- 3 |  4- 6 |  7- 9 | 10-12 || total
---------------------------+-------+-------+-------+-------++-------
  Melee: Unarmed           |    21 |    73 |   159 |       ||   253
         Punch             |       |       |     3 |       ||     3
         Dagger            |       |       |    29 |       ||    29
         Halberd           |       |       |     4 |   251 ||   255
         Whip              |       |       |       |    69 ||    69
   Cast: Summon Small Mamm |    44 |    22 |     2 |       ||    68
         Call Imp          |    19 |    33 |    31 |    12 ||    95
         Call Canine Famil |       |    15 |    33 |    13 ||    61
         Summon Guardian G |       |     1 |    36 |    28 ||    65
         Fireball          |       |       |       |    16 ||    16
         Iskenderun's Batt |       |       |       |     4 ||     4
  Evoke: Wand              |       |     2 |       |    11 ||    13
    Use: Potion            |       |     1 |       |     6 ||     7
         Scroll            |       |     7 |     6 |     3 ||    16
   Stab: Distracted        |       |     1 |     2 |     4 ||     7
         Sleeping          |       |     1 |       |     4 ||     5
         Paralysed         |       |       |       |    19 ||    19
 Armour: Robe              |    13 |     9 |       |       ||    22
         Leather armour    |       |    21 |   123 |   153 ||   297
         Skin              |       |       |       |     1 ||     1
  Dodge: Dodged            |    25 |    57 |   151 |   155 ||   388

Table legend: (Time is in decaauts)
 A = Elapsed time spent in this place.
 B = Non-inter-level travel time spent in this place.
 C = Inter-level travel time spent in this place.
 D = Time resting spent in this place.
 E = Time spent auto-exploring this place.
 F = Levels seen in this place.
 G = Mean time per level.
                   A        B        C        D        E       F      G
               +--------+--------+--------+--------+--------+-----+--------+
         Total |  14775 |  14192 |    583 |     70 |  11265 |  14 | 1055.4 |
       Dungeon |  13434 |  12890 |    544 |      0 |  10343 |  11 | 1221.3 |
        Temple |    129 |     90 |     39 |      0 |     80 |   1 |  129.0 |
         Sewer |    141 |    141 |      0 |      0 |     86 |   1 |  141.0 |
      Gauntlet |   1069 |   1069 |      0 |     70 |    756 |   1 | 1069.0 |
               +--------+--------+--------+--------+--------+-----+--------+

Top non-repeatable levels by time:
     D:5: 1854 daAuts
     D:3: 1622 daAuts
     D:9: 1513 daAuts
     D:6: 1360 daAuts
     D:7: 1313 daAuts
     D:8: 1274 daAuts
    D:10: 1078 daAuts
Gauntlet: 1069 daAuts
     D:4: 1053 daAuts
     D:2: 921 daAuts
     D:1: 913 daAuts
    D:11: 529 daAuts
   Sewer: 141 daAuts
  Temple: 129 daAuts
